 Dungeon Crawl Stone Soup version 0.27-a0-65-gfb268537a3 (webtiles) character file.

Game seed: 2583111909317226133

317 robertstho the Chiller (level 6, 0/33 HPs)
             Began as a Deep Elf Ice Elementalist on Jan 8, 2021.
             Was a Follower of Sif Muna.
             Slain by a gnoll (7 damage)
             ... on level 4 of the Dungeon.
             The game lasted 00:05:56 (4373 turns).

robertstho the Chiller (Deep Elf Ice Elementalist)  Turns: 4373, Time: 00:05:57

Health: 0/33       AC:  3    Str:  5    XL:     6   Next: 20%
Magic:  7/14       EV: 13    Int: 22    God:    Sif Muna [*.....]
Gold:   199        SH:  0    Dex: 15    Spells: 2/13 levels left

rFire    . . .     SeeInvis .   A - +0 hunting sling (vorpal)
rCold    . . .     Faith    .   (no shield)
rNeg     . . .     Spirit   .   a - +0 robe
rPois    .         Reflect  .   (no helmet)
rElec    .         Harm     .   (no cloak)
rCorr    .         Rampage  .   (no gloves)
Will     .....                  o - +0 pair of boots
Stlth    ++........             (no amulet)
HPRegen  0.11/turn              (no ring)
MPRegen  0.14/turn              (no ring)

@: frozen ramparts
A: no striking features
a: Renounce Religion, Channel Magic


You were on level 4 of the Dungeon.
You worshipped Sif Muna.
Sif Muna was aware of your devotion.
You visited 1 branch of the dungeon, and saw 4 of its levels.

You collected 199 gold pieces.

Inventory:

Hand Weapons
 e - a +0 short sword
 q - a +0 dagger of venom
 A - a +0 vorpal hunting sling (weapon)
Missiles
 d - 36 stones (quivered ammo)
 g - 18 javelins
 j - 67 bolts
 r - 51 arrows
 t - 7 silver boomerangs
 u - a throwing net
 v - 3 boomerangs
 w - 22 sling bullets
Armour
 a - a +0 robe (worn)
 o - a +0 pair of boots (worn)
Scrolls
 c - a scroll of remove curse {unknown}
 f - a scroll of fear {unknown}
 h - 6 scrolls of teleportation {unknown}
 i - 3 scrolls of amnesia {unknown}
 k - 3 scrolls of enchant armour {unknown}
 p - a scroll of fog {unknown}
 x - a scroll of enchant weapon {unknown}
 y - a scroll of noise {unknown}
 C - a scroll of blinking {unknown}
 D - a scroll of immolation {unknown}
Potions
 b - a potion of magic
 l - 2 potions of heal wounds
 m - a potion of curing {unknown}
 n - 2 potions of might
 s - a potion of invisibility {unknown}
 z - a potion of brilliance {unknown}
 B - a potion of flight {unknown}
 E - a potion of berserk rage


   Skills:
 + Level 0.5 Fighting
 + Level 0.8 Short Blades
 + Level 2.1 Slings
 + Level 3.0 Dodging
 + Level 3.3 Stealth
 * Level 4.4 Spellcasting
 * Level 5.8 Ice Magic
 * Level 2.0 Invocations


You had 2 spell levels left.
You knew the following spells:

 Your Spells              Type           Power        Failure   Level
a - Freeze                Ice            100%         1%          1
b - Frozen Ramparts       Ice            60%          3%          3
c - Ozocubu's Armour      Ice            30%          3%          3
d - Hailstorm             Conj/Ice       17%          32%         4

Your spell library contained the following spells:

 Spells                   Type           Power        Failure   Level
 Summon Ice Beast         Ice/Summ       17%          32%         4


Dungeon Overview and Level Annotations

Branches:
Dungeon (4/15)
 Temple: D:4-7

Altars:
Cheibriados
Sif Muna


Message History

You freeze the gnoll sergeant.
You kill the gnoll sergeant!
Sif Muna accepts your kill.
The wall freezes the gnoll.
Your Slings skill increases to level 2!
Your Dodging skill increases to level 3!
Your Invocations skill increases to level 2!
You have reached level 6!
Your experience leads to an increase in your attributes!
Increase (S)trength, (I)ntelligence, or (D)exterity?
You feel clever.
Casting: Freeze (safe; 1% risk of failure)
Confirm with . or Enter, or press ? or * to list all spells.
Aiming: Freeze (safe; 1% risk of failure)
Press: ? - help, Shift-Dir - straight line, f - gnoll
Aim: a gnoll, wearing a +0 ring mail (moderately wounded)
You freeze the gnoll.
The gnoll is heavily wounded.
The wall freezes the gnoll. x2; The gnoll hits you!
You die...

###......##..
#####............
#.#......#...... ..
##........##...# ...
#.....#....#...##...
###....###........... ...
#......##...........##...
##...............##.#....
##.##.....@gg...# .((...
#
##..#.##.g##...###......
# #.#...#....((((....##.#
.
#....##....(....((....##
.
#....###....(....((....#
#
#.....#.......((........
#
###...#..#.....g(.##....
. ###..............##...
###.......###......#.##


You could see 3 gnolls.

Vanquished Creatures
  A gnoll sergeant (D:4)
  A hound (D:4)
  Jessica (D:3)
  4 gnolls
  7 adders
  An ooze (D:1)
  4 worms
  A dart slug (D:2)
  5 leopard geckos
  2 orcs (D:3)
  10 bats
  2 giant cockroaches
  11 goblins
  9 hobgoblins
  2 jackals (D:3)
  5 kobolds
  A quokka (D:3)
  6 frilled lizards
  A quokka skeleton (D:4)
  4 rats
78 creatures vanquished.

Vanquished Creatures (others)
  A bat (D:2)
1 creature vanquished.

Grand Total: 79 creatures vanquished

Notes
Turn   | Place    | Note
-------+----------+-------------------------------------------
     0 | D:1      | robertstho the Deep Elf Ice Elementalist began the quest
                  | for the Orb.
     0 | D:1      | Reached XP level 1. HP: 10/10 MP: 6/6
   317 | D:1      | Reached XP level 2. HP: 15/15 MP: 8/8
   516 | D:1      | Reached skill level 5 in Ice Magic
  1102 | D:2      | Reached XP level 3. HP: 15/19 MP: 6/9
  1330 | D:2      | Learned a level 3 spell: Frozen Ramparts
  1337 | D:2      | Learned a level 3 spell: Ozocubu's Armour
  1414 | D:2      | Found a shimmering blue altar of Sif Muna.
  1525 | D:2      | Became a worshipper of Sif Muna the Loreminder
  1757 | D:2      | Reached XP level 4. HP: 24/24 MP: 11/11
  2494 | D:3      | Found a snail-covered altar of Cheibriados.
  3222 | D:3      | Reached skill level 1 in Slings
  3400 | D:3      | Reached * piety under Sif Muna
  3409 | D:3      | Reached XP level 5. HP: 18/28 MP: 13/13
  3739 | D:3      | Noticed Jessica
  3746 | D:3      | Reached skill level 1 in Invocations
  3747 | D:3      | Killed Jessica
  4025 | D:3      | Learned a level 4 spell: Hailstorm
  4110 | D:4      | Found Pyog's Gadget Boutique.
  4373 | D:4      | Reached XP level 6. HP: 7/33 MP: 8/14
  4373 | D:4      | Slain by a gnoll

Illustrated notes

Levels and vault maps discovered:
D:1:      wander_arrival_chamber, layout_loops_ring, chequers_mini_garden,
          minmay_octomino_c4
D:2:      layout_rooms, lemuel_blue_sif_altar
D:3:      minmay_skewed_foursquare, layout_loops_cross, cheibriados_altar_1,
          hangedman_glass_teeth, grunt_decor_one_mirror,
          kennysheep_jessica_study
D:4:      layout_cave_pools, lemuel_round_altar, serial_shops, shop,
          minmay_misc_feat_x

Skill      XL: |  1  2  3  4  5 |
---------------+----------------+-----
Ice Magic      | 5 |  5.8
Stealth        | 3 |  3.3
Slings         | 1 2 |  2.1
Spellcasting   | 4 |  4.4
Invocations    | 2 |  2.0
Dodging        | 3 |  3.0
Fighting       | |  0.5
Short Blades   | |  0.8

Action                   |  1- 3 |  4- 6 || total
-------------------------+-------+-------++-------
Melee: Unarmed           |     6 |       ||     6
       Short sword       |    24 |       ||    24
       Dagger            |    40 |    13 ||    53
 Fire: Hunting sling     |       |   178 ||   178
 Cast: Freeze            |    28 |     7 ||    35
       Frozen Ramparts   |       |    12 ||    12
       Hailstorm         |       |     1 ||     1
  Use: Potion            |     1 |       ||     1
       Scroll            |       |     7 ||     7
 Stab: Sleeping          |     6 |       ||     6
       Distracted        |     2 |       ||     2
Armor: Robe              |    25 |    15 ||    40
Dodge: Dodged            |   106 |    90 ||   196

Table legend: (Time is in decaauts)
 A = Elapsed time spent in this place.
 B = Non-inter-level travel time spent in this place.
 C = Inter-level travel time spent in this place.
 D = Time resting spent in this place.
 E = Time spent auto-exploring this place.
 F = Levels seen in this place.
 G = Mean time per level.
                   A        B        C        D        E       F      G
               +--------+--------+--------+--------+--------+-----+--------+
         Total |   4400 |   4183 |    217 |    521 |   3022 |   4 | 1100.0 |
       Dungeon |   4400 |   4183 |    217 |    521 |   3022 |   4 | 1100.0 |
               +--------+--------+--------+--------+--------+-----+--------+

Top non-repeatable levels by time:
     D:3: 1764 daAuts
     D:2: 1227 daAuts
     D:1: 1092 daAuts
     D:4: 316 daAuts
